[Event "Saturday Night Round Robin Blitz 3m+1s Starts at 2200hrs ST"]
[Site "Infinity Chess"]
[Date "2018.4.28"]
[Round "9"]
[White "star99"]
[Black "coreoptimist"]
[Result "1/2-1/2 "]
[ECO "D02"]
[WhiteElo "2491"]
[BlackElo "2531"]
[WhiteEngine "Cryptic Heroes 9.4B"]
[BlackEngine "asmFishW_2018-04-25_bmi2_CTG"]
[EventType "Round Robin"]
[WhiteTeam ""]
[BlackTeam ""]
[PlyCount "134"]
[TimeControl "180+1"]

1. d4 d5 2. Nf3 Nf6 3. c4 e6 4. e3 dxc4 5. Bxc4 c5 6. O-O a6 7. b3 cxd4 
8. Nxd4 Be7 9. Bb2 O-O 10. Be2 Bd7 11. Nd2 Nc6 12. N4f3 Rc8 13. Rc1 b5 
14. h3 Qb6 15. a3 Nd5 16. Re1 Rfd8 17. Rc2 e5 18. Bd3 g6 19. Qe2 f6 20. Rec1 Be6 
21. b4 Na7 22. Ne4 Bf7 23. Nc5 Bxc5 24. bxc5 Qe6 25. Qe1 Nc6 26. Nd2 Na5 
27. Be2 Qe7 28. a4 b4 29. Ne4 Nb3 30. Rd1 a5 31. Bb5 Be6 32. c6 Bf5 33. f3 Bxe4 
34. fxe4 Nb6 35. Rxd8+ Qxd8 36. Qf1 Nd2 37. Qd3 Qxd3 38. Bxd3 Nb1 39. c7 Nxa4 
40. Bc4+ Kh8 41. Be6 Rxc7 42. Bxe5 fxe5 43. Rxc7 Nac3 44. Rb7 Na3 45. Kf2 Nxe4+ 
46. Ke2 Nb1 47. Kd1 Nc5 48. Rb6 Kg7 49. Bc4 Na3 50. Bd5 h5 51. Ke2 Na4 
52. Rb7+ Kf6 53. Kd2 Nc3 54. Bg8 Kf5 55. Kd3 Na4 56. Rf7+ Kg5 57. Rc7 Kh4 
58. Ke4 Nc3+ 59. Kxe5 a4 60. Rc6 Nc2 61. Rxg6 b3 62. Rb6 Nxe3 63. Bf7 Nxg2 
64. Rb4+ Kg5 65. Kd4 Nd1 66. Rxa4 b2 67. Ra5+ Kf4 1/2-1/2

[Event "Saturday Night Round Robin Blitz 3m+1s Starts at 2200hrs ST"]
[Site "Infinity Chess"]
[Date "2018.4.28"]
[Round "8"]
[White "HerzsjeMZ"]
[Black "star99"]
[Result "1/2-1/2"]
[ECO "C55"]
[WhiteElo "2501"]
[BlackElo "2491"]
[WhiteEngine "SugaR.XPrO.1.4.64.POCNT"]
[BlackEngine "Cryptic Heroes 9.4B"]
[EventType "Round Robin"]
[WhiteTeam ""]
[BlackTeam ""]
[PlyCount "163"]
[TimeControl "180+1"]

1. e4 e5 2. Nf3 Nc6 3. Bc4 Nf6 4. d3 Be7 5. O-O O-O 6. a4 d6 7. a5 a6 8. Re1 Be6 
9. h3 h6 10. Nbd2 Qd7 11. c3 Rfe8 12. Qb3 Nd8 13. Qd1 c5 14. Bxe6 Qxe6 
15. Nc4 Nc6 16. Nb6 Rab8 17. Bg5 Bd8 18. Bxf6 Bxb6 19. Bxe5 dxe5 20. axb6 Rbd8 
21. Qc2 Ne7 22. g3 Qxb6 23. Nxe5 Qe6 24. Nf3 Qxh3 25. Rad1 Ng6 26. Re3 Re6 
27. d4 cxd4 28. Rxd4 Rde8 29. e5 Ne7 30. Rde4 Nf5 31. Rd3 Qh5 32. Kg2 Ne7 
33. Nd4 Rb6 34. b4 Qg6 35. Qe2 Nf5 36. Nb3 Rbe6 37. Nc5 R6e7 38. Rd5 h5 
39. Nd3 Nh6 40. Nf4 Qg4 41. Qd3 h4 42. e6 fxe6 43. Rde5 Rf7 44. Rxe6 Ref8 
45. Rg6 Qd7 46. Qxd7 Rxd7 47. gxh4 Rdf7 48. Nd3 Rd7 49. Nf4 Rdf7 50. Nh3 Rc8 
51. Rg3 Rf6 52. Ng5 b6 53. c4 Nf5 54. Rc3 Rh6 55. Kh3 Nd6 56. Re1 Nf7 
57. Nf3 Rf6 58. c5 a5 59. bxa5 Rxc5 60. Rxc5 bxc5 61. Kg3 Ra6 62. Ra1 Nd6 
63. Nd2 c4 64. Ra2 Kf7 65. Kf4 c3 66. Nb3 Nc4 67. Kg3 Nd2 68. Nd4 Nc4 
69. Nb3 Nd2 70. Nc5 Rc6 71. Nd3 Rg6+ 72. Kf4 Rf6+ 73. Kg5 Rg6+ 74. Kf4 Rf6+ 
75. Ke3 Ra6 76. f3 Nc4+ 77. Kd4 Rxa5 78. Rxa5 Nxa5 79. Kxc3 Kg6 80. f4 Kh5 
81. f5 Kxh4 82. Kd4 1/2-1/2

[Event "Saturday Night Round Robin Blitz 3m+1s Starts at 2200hrs ST"]
[Site "Infinity Chess"]
[Date "2018.4.28"]
[Round "8"]
[White "aleks"]
[Black "Dovahkiin"]
[Result "1/2-1/2"]
[ECO "C77"]
[WhiteElo "2488"]
[BlackElo "2473"]
[WhiteEngine "stockfish_9_x64_popcnt_CTG"]
[BlackEngine "BrainFish_180423_x64_modern_CTG"]
[EventType "Round Robin"]
[WhiteTeam ""]
[BlackTeam ""]
[PlyCount "76"]
[TimeControl "180+1"]

1. e4 e5 2. Nf3 Nc6 3. Bb5 a6 4. Ba4 Nf6 5. O-O Be7 6. Re1 b5 7. Bb3 O-O 
8. c3 d5 9. exd5 Nxd5 10. Nxe5 Nxe5 11. Rxe5 c6 12. d4 Bd6 13. Re1 Qh4 
14. g3 Qh3 15. Qe2 Bg4 16. Qf1 Qh5 17. Nd2 Rae8 18. f3 Rxe1 19. Qxe1 Bxf3 
20. Nxf3 Qxf3 21. Bd2 Qg4 22. Qd1 Qd7 23. Qf3 Re8 24. Re1 Rxe1+ 25. Bxe1 Qe6 
26. Bd2 Qg6 27. Bc1 h5 28. Qe2 Qb1 29. Qc2 Qa1 30. Kg2 a5 31. a4 Nb6 32. axb5 a4 
33. Bxf7+ Kxf7 34. Qf5+ Kg8 35. Qe6+ Kh7 36. Qf5+ Kg8 37. Qe6+ Kh7 38. Qf5+ Kg8 
1/2-1/2

[Event "Saturday Night Round Robin Blitz 3m+1s Starts at 2200hrs ST"]
[Site "Infinity Chess"]
[Date "2018.4.28"]
[Round "8"]
[White "Gilgamesch"]
[Black "kolelo"]
[Result "1/2-1/2"]
[ECO "D11"]
[WhiteElo "2540"]
[BlackElo "2471"]
[WhiteEngine "BrainFish_180408_x64_bmi2"]
[BlackEngine "stockfish_9_x64_popcnt"]
[EventType "Round Robin"]
[WhiteTeam ""]
[BlackTeam ""]
[PlyCount "122"]
[TimeControl "180+1"]

1. d4 d5 2. c4 c6 3. Nf3 Nf6 4. e3 e6 5. b3 b6 6. Bb2 Bd6 7. Bd3 Bb7 8. Nbd2 O-O 
9. O-O c5 10. cxd5 exd5 11. Rc1 Nc6 12. Re1 Re8 13. Nf1 Rc8 14. Ng3 Rc7 
15. Nf5 Bf8 16. Ne5 Nb4 17. Bb5 Re6 18. a3 Nc6 19. Ng3 Na5 20. f4 a6 
21. Be2 cxd4 22. Rxc7 Qxc7 23. exd4 b5 24. f5 Re8 25. Bf3 Nc6 26. Nh5 Nxh5 
27. Bxh5 g6 28. Bf3 Nxe5 29. dxe5 gxf5 30. b4 Bc8 31. Qd4 Be6 32. Rc1 Qd7 
33. Qd2 Rc8 34. Bd4 h6 35. g3 Kh7 36. Kf2 Ra8 37. Be2 Qd8 38. Qf4 Qg5 
39. Bd3 Kh8 40. h4 Qg6 41. Qd2 Kh7 42. Be2 Rc8 43. Rxc8 Bxc8 44. Bf3 Qc6 
45. Qc3 Qd7 46. Qc2 Kg8 47. Ke3 Bb7 48. Kf2 Bc6 49. Bc5 Bxc5+ 50. Qxc5 Bb7 
51. Bg2 Qc6 52. Qxc6 Bxc6 53. Ke2 Kf8 54. Kd3 Ke7 55. Kd4 Ke6 56. h5 Ba8 
57. Bf3 Bc6 58. Bg2 Bb7 59. Bf3 Bc6 60. Kc5 Ba8 61. Kd4 Bc6 1/2-1/2

[Event "Saturday Night Round Robin Blitz 3m+1s Starts at 2200hrs ST"]
[Site "Infinity Chess"]
[Date "2018.4.28"]
[Round "8"]
[White "BlitzMaster"]
[Black "ocirema"]
[Result "1/2-1/2"]
[ECO "E10"]
[WhiteElo "2542"]
[BlackElo "2454"]
[WhiteEngine "asmFishW_2018-04-11_popcnt"]
[BlackEngine "asmFishW_2018-04-25_popcnt"]
[EventType "Round Robin"]
[WhiteTeam ""]
[BlackTeam ""]
[PlyCount "194"]
[TimeControl "180+1"]

1. d4 Nf6 2. c4 e6 3. Nf3 d5 4. Nc3 c6 5. Bg5 h6 6. Bxf6 Qxf6 7. e3 g6 
8. Be2 Nd7 9. O-O Qe7 10. e4 dxc4 11. Bxc4 Bg7 12. e5 O-O 13. Re1 Rd8 14. Rc1 b5 
15. Bd3 Bb7 16. Ne4 c5 17. Nxc5 Nxc5 18. dxc5 Qd7 19. Be2 Qxd1 20. Bxd1 a5 
21. a3 a4 22. Re3 h5 23. Be2 Bc6 24. h4 Bh6 25. Ng5 Rd2 26. Bf3 Bxf3 
27. Rxf3 Rxb2 28. c6 Rc8 29. Rd3 Kf8 30. Rd7 Bxg5 31. hxg5 Ke8 32. Ra7 Rb3 
33. Rc5 b4 34. axb4 Rb1+ 35. Kh2 Rxb4 36. Ra6 Rd4 37. Kg3 Rg4+ 38. Kh3 Rd4 
39. Rc1 Rd5 40. f4 Rd3+ 41. Kh2 a3 42. Rc2 Rd4 43. Kg3 Rd3+ 44. Kh2 Rd4 
45. g3 Rd3 46. Kh3 Rb3 47. Rc4 Kf8 48. Kh4 Ke7 49. g4 hxg4 50. Kxg4 Ke8 
51. Rca4 Rc3 52. Rxa3 Rxa3 53. Rxa3 Rxc6 54. Ra4 Rc7 55. Kg3 Rc3+ 56. Kf2 Ke7 
57. Rb4 Rc2+ 58. Ke3 Rc3+ 59. Kd2 Rc7 60. Ke3 Rd7 61. Kf3 Ra7 62. Kg4 Rc7 
63. Rb6 Rd7 64. Rc6 Ra7 65. Rc2 Kd7 66. Kf3 Ra3+ 67. Ke2 Ra8 68. Kf3 Ra3+ 
69. Kg4 Ra4 70. Kg3 Ke7 71. Rc7+ Kf8 72. Rc8+ Kg7 73. Rc7 Kf8 74. Rc8+ Ke7 
75. Kg4 Ra7 76. Rc6 Rd7 77. Ra6 Rb7 78. Rd6 Rb3 79. Ra6 Rc3 80. Ra7+ Kf8 
81. Ra1 Ke7 82. Ra6 Kf8 83. Rb6 Rc4 84. Rb3 Kg7 85. Rf3 Re4 86. Rc3 Kf8 
87. Kf3 Rb4 88. Rc6 Rb7 89. Rc8+ Ke7 90. Rc4 Rd7 91. Kg2 Ra7 92. Rc1 Kf8 
93. Rc6 Rb7 94. Kh3 Rb3+ 95. Kg4 Rb4 96. Kf3 Kg7 97. Rc7 Rd4 1/2-1/2

[Event "Saturday Night Round Robin Blitz 3m+1s Starts at 2200hrs ST"]
[Site "Infinity Chess"]
[Date "2018.4.28"]
[Round "8"]
[White "Chapi1958"]
[Black "beka"]
[Result "1-0"]
[ECO "C77"]
[WhiteElo "2410"]
[BlackElo "2379"]
[WhiteEngine "stockfish_9_x64_CTG"]
[BlackEngine "Eman 1.70-beta21 64-bit"]
[EventType "Round Robin"]
[WhiteTeam ""]
[BlackTeam ""]
[PlyCount "171"]
[TimeControl "180+1"]

1. e4 e5 2. Nf3 Nc6 3. Bb5 a6 4. Ba4 Nf6 5. O-O Nxe4 6. d4 b5 7. Bb3 d5 
8. dxe5 Be6 9. Nbd2 Nc5 10. c3 Bg4 11. Bc2 d4 12. Re1 d3 13. Bb1 Qd5 14. h3 Bh5 
15. a4 b4 16. Ba2 Qd7 17. Ne4 Ne6 18. Ng3 Bg6 19. Nh4 Be7 20. Ngf5 Bxh4 
21. Nxh4 O-O 22. Bd2 Rab8 23. Bc4 bxc3 24. Bxc3 Nb4 25. Nxg6 hxg6 26. Re4 c5 
27. Qg4 Nd5 28. Rd1 Nxc3 29. bxc3 d2 30. Bxe6 fxe6 31. Qxg6 Qd5 32. c4 Qd7 
33. Rh4 Rf5 34. f3 Rd8 35. Qh7+ Kf7 36. Rg4 Rg8 37. Kh2 a5 38. Qg6+ Ke7 
39. Rg5 Rf4 40. Kg3 Rxc4 41. Qxg7+ Rxg7 42. Rxg7+ Kd8 43. Rxd7+ Kxd7 
44. Rxd2+ Ke7 45. Ra2 Rb4 46. h4 Kf7 47. f4 c4 48. h5 Kg7 49. Kf3 c3 50. Rc2 Rc4 
51. g4 Kf7 52. f5 exf5 53. gxf5 Rh4 54. Kg3 Rxh5 55. Kg4 Rh1 56. Rxc3 Rg1+ 
57. Kf4 Rf1+ 58. Kg5 Rg1+ 59. Kf4 Rf1+ 60. Ke4 Re1+ 61. Kd5 Rd1+ 62. Kc6 Rf1 
63. e6+ Kf6 64. Rc5 Re1 65. Kd6 Re4 66. Rxa5 Rd4+ 67. Kc5 Rd3 68. Kc6 Ra3 
69. Ra7 Rc3+ 70. Kd7 Rd3+ 71. Kc8 Rd1 72. Rf7+ Kg5 73. e7 Rc1+ 74. Kb7 Re1 
75. f6 Rb1+ 76. Ka7 Re1 77. Rf8 Kf4 78. e8=Q Rc1 79. f7 Rc7+ 80. Kb6 Rc4 
81. Rg8 Rb4+ 82. Kc6 Re4 83. f8=Q+ Ke3 84. Qa3+ Kd2 85. Qxe4 Kd1 86. Rd8# 1-0

[Event "Saturday Night Round Robin Blitz 3m+1s Starts at 2200hrs ST"]
[Site "Infinity Chess"]
[Date "2018.4.28"]
[Round "8"]
[White "coreoptimist"]
[Black "klasman"]
[Result "1/2-1/2"]
[ECO "C77"]
[WhiteElo "2541"]
[BlackElo "2468"]
[WhiteEngine "asmFishW_2018-04-25_bmi2_CTG"]
[BlackEngine "asmFishW_2018-04-11_popcnt_CTG"]
[EventType "Round Robin"]
[WhiteTeam ""]
[BlackTeam ""]
[PlyCount "171"]
[TimeControl "180+1"]

1. e4 e5 2. Nf3 Nc6 3. Bb5 a6 4. Ba4 Nf6 5. O-O Be7 6. Re1 b5 7. Bb3 O-O 
8. a4 b4 9. a5 d6 10. c3 Rb8 11. d3 Be6 12. Bxe6 fxe6 13. Nbd2 Rb5 14. Nc4 Qc8 
15. d4 bxc3 16. bxc3 exd4 17. Nxd4 Nxd4 18. cxd4 d5 19. exd5 Nxd5 20. Bd2 Bf6 
21. Ne5 Ne7 22. Rb1 Bxe5 23. Rxe5 Rxe5 24. dxe5 Rd8 25. Qe2 h6 26. h3 Rd5 
27. f3 Qd7 28. Be1 Qc6 29. Kh2 Ng6 30. Qe4 Kh7 31. g3 Rc5 32. Qxc6 Rxc6 
33. f4 Ne7 34. Rb8 g5 35. fxg5 hxg5 36. g4 Ng6 37. Bg3 Rc3 38. Ra8 Rc6 
39. Rd8 Rc2+ 40. Kg1 Rc3 41. Kh2 Kg7 42. Rd7+ Kf8 43. Rd8+ Ke7 44. Ra8 Rc2+ 
45. Kg1 Rc3 46. Kg2 Rc2+ 47. Kf3 Rc3+ 48. Kg2 Rc1 49. Rxa6 Rc2+ 50. Kf1 Rc3 
51. Kg2 Rc2+ 52. Kf1 Rc3 53. Bf2 Nf4 54. Bd4 Rd3 55. Bc5+ Kd7 56. Ra8 Rb3 
57. Bf8 Rxh3 58. a6 Rh1+ 59. Kf2 Nd3+ 60. Ke3 Nxe5 61. Bg7 Rh3+ 62. Ke2 Rh2+ 
63. Kd1 Nc6 64. Bf6 Rg2 65. Bxg5 Rxg4 66. Be3 e5 67. a7 Ra4 68. Bc5 Ra1+ 
69. Ke2 Ra2+ 70. Kd1 Ra6 71. Kc2 Ra4 72. Bg1 Ra5 73. Be3 Nb4+ 74. Kb3 Nc6 
75. Bf2 Ra1 76. Kc2 e4 77. Kc3 Ra5 78. Kd2 Ra2+ 79. Ke1 Ra3 80. Kd2 e3+ 
81. Bxe3 Kd6 82. Rf8 Nxa7 83. Bxa7 Rxa7 84. Rf1 c6 85. Rd1 c5 86. Rb1 1/2-1/2

[Event "Saturday Night Round Robin Blitz 3m+1s Starts at 2200hrs ST"]
[Site "Infinity Chess"]
[Date "2018.4.28"]
[Round "7"]
[White "beka"]
[Black "klasman"]
[Result "0-1"]
[ECO "C77"]
[WhiteElo "2393"]
[BlackElo "2454"]
[WhiteEngine "Eman 1.70-beta21 64-bit"]
[BlackEngine "asmFishW_2018-04-11_popcnt_CTG"]
[EventType "Round Robin"]
[WhiteTeam ""]
[BlackTeam ""]
[PlyCount "168"]
[TimeControl "180+1"]

1. e4 e5 2. Nf3 Nc6 3. Bb5 a6 4. Ba4 Nf6 5. O-O Be7 6. Bxc6 dxc6 7. Re1 Nd7 
8. d3 O-O 9. Be3 b6 10. a4 a5 11. h3 Re8 12. Nbd2 Bf8 13. Nf1 c5 14. N3d2 g6 
15. Qf3 Bg7 16. Nh2 Qe7 17. Ng4 Qf8 18. Nh2 Bb7 19. Qg3 f5 20. exf5 gxf5 
21. Bh6 Re7 22. f4 Kh8 23. Bg5 Re6 24. Nhf3 h6 25. Bh4 Qf7 26. fxe5 f4 
27. Qf2 Rg8 28. c3 Nxe5 29. Nxe5 Bxe5 30. g4 h5 31. Nc4 hxg4 32. Nxe5 gxh3+ 
33. Kh2 Rxe5 34. Rxe5 Rg2+ 35. Qxg2 hxg2 36. Kg1 Bc6 37. Rae1 f3 38. b3 Qg6 
39. R5e3 Qg4 40. Bf6+ Kh7 41. Kf2 Kg6 42. Bd8 Qf4 43. Re6+ Kg7 44. Rxc6 Qd2+ 
45. Kxf3 Qxe1 46. Rxc7+ Kg6 47. Kxg2 Qe2+ 48. Kg1 Qe1+ 49. Kg2 Qe2+ 50. Kg1 Qd1+ 
51. Kf2 Qd2+ 52. Kg1 Qxd3 53. Bh4 Qxc3 54. Rc6+ Kf5 55. Rd6 Qxb3 56. Rf6+ Ke5 
57. Rf2 Qxa4 58. Re2+ Kd5 59. Rd2+ Kc6 60. Bg3 Qe4 61. Kf2 a4 62. Re2 Qf5+ 
63. Ke1 a3 64. Be5 Qxe5 65. Rxe5 a2 66. Re8 a1=Q+ 67. Kf2 Qg7 68. Ke1 Kd7 
69. Re2 Qe7 70. Kd1 Qxe2+ 71. Kxe2 c4 72. Ke3 b5 73. Ke4 c3 74. Kd3 b4 
75. Ke3 b3 76. Kd3 b2 77. Kxc3 b1=Q 78. Kd4 Kd6 79. Ke3 Ke5 80. Kd2 Kd4 
81. Ke2 Qf5 82. Kd2 Qf2+ 83. Kc1 Kc3 84. Kb1 Qb2# 0-1

[Event "Saturday Night Round Robin Blitz 3m+1s Starts at 2200hrs ST"]
[Site "Infinity Chess"]
[Date "2018.4.28"]
[Round "7"]
[White "ocirema"]
[Black "Chapi1958"]
[Result "1/2-1/2"]
[ECO "D11"]
[WhiteElo "2456"]
[BlackElo "2408"]
[WhiteEngine "asmFishW_2018-04-25_popcnt"]
[BlackEngine "stockfish_9_x64_CTG"]
[EventType "Round Robin"]
[WhiteTeam ""]
[BlackTeam ""]
[PlyCount "162"]
[TimeControl "180+1"]

1. d4 d5 2. c4 c6 3. Nf3 Nf6 4. e3 e6 5. Bd3 Nbd7 6. b3 Bd6 7. Bb2 O-O 8. Qc2 c5 
9. cxd5 exd5 10. O-O b6 11. Nc3 Bb7 12. Rfd1 g6 13. Rac1 a6 14. Bf1 Re8 
15. g3 Rc8 16. dxc5 bxc5 17. Bg2 Qe7 18. Qd3 Nb6 19. Ne2 Rcd8 20. Re1 Ne4 
21. Qc2 Nd7 22. Nf4 g5 23. Ne2 h6 24. Nd2 Nxd2 25. Qxd2 Ne5 26. Nf4 d4 
27. Nd5 Qe6 28. exd4 cxd4 29. Qxd4 Bb8 30. Red1 Bxd5 31. Bxd5 Nf3+ 32. Bxf3 Rxd4 
33. Rxd4 Rc8 34. Rxc8+ Qxc8 35. Rc4 Qe8 36. Re4 Qd8 37. Bc3 Kh7 38. Bg4 Bd6 
39. Bf5+ Kg8 40. Rc4 Bf8 41. Kg2 Qd5+ 42. Be4 Qd7 43. Bc6 Qd3 44. Bf3 Bg7 
45. Bb4 f5 46. h3 Be5 47. g4 Kf7 48. Bc5 Qb1 49. Ra4 Qd3 50. Ba7 f4 51. Rc4 Ke7 
52. Bc5+ Kf7 53. Ba7 Ke7 54. Rc5 Bd6 55. Rd5 Qc2 56. Ra5 Qd3 57. Ra4 Be5 
58. Re4 Kf6 59. Ra4 Kf7 60. Ra5 Ke6 61. Bc5 Bc3 62. Ra4 Kf7 63. h4 a5 64. h5 Qd2 
65. Bb6 Bb4 66. a3 Bxa3 67. Bxa5 Qb2 68. Rc4 Ke7 69. Rc7+ Ke8 70. Rc6 Qxb3 
71. Rxh6 Bc5 72. Rh8+ Ke7 73. Be1 Qe6 74. Rh7+ Ke8 75. Bc3 Qb3 76. Bc6+ Kf8 
77. Rh8+ Kf7 78. Rh7+ Kg8 79. Rh8+ Kf7 80. Rh7+ Kg8 81. Rh8+ Kf7 1/2-1/2

[Event "Saturday Night Round Robin Blitz 3m+1s Starts at 2200hrs ST"]
[Site "Infinity Chess"]
[Date "2018.4.28"]
[Round "7"]
[White "kolelo"]
[Black "BlitzMaster"]
[Result "1/2-1/2 "]
[ECO "C47"]
[WhiteElo "2468"]
[BlackElo "2545"]
[WhiteEngine "stockfish_9_x64_popcnt"]
[BlackEngine "asmFishW_2018-04-11_popcnt"]
[EventType "Round Robin"]
[WhiteTeam ""]
[BlackTeam ""]
[PlyCount "153"]
[TimeControl "180+1"]

1. e4 e5 2. Nf3 Nc6 3. Nc3 Nf6 4. h3 Bb4 5. Bd3 O-O 6. O-O d6 7. a3 Bxc3 
8. dxc3 Be6 9. Bg5 h6 10. Bh4 Kh8 11. Qd2 g5 12. Nxg5 hxg5 13. Bxg5 Rg8 
14. Bh4 Kh7 15. f4 Bxh3 16. Bg5 Qd7 17. gxh3 Qxh3 18. Qg2 Qxg2+ 19. Kxg2 Rg6 
20. Rh1+ Kg7 21. Rag1 Nh7 22. Kf3 Nxg5+ 23. fxg5 Rg8 24. Rh6 Ne7 25. Bc4 Kf8 
26. Rh7 R8g7 27. Rh5 Nc6 28. Ke3 Nd8 29. a4 b6 30. a5 Ke7 31. axb6 axb6 
32. Ra1 Rxg5 33. Rxg5 Rxg5 34. Ra7 d5 35. Bxd5 Kd6 36. Ra8 Kd7 37. Ra7 Kd6 
38. Ba2 Rg2 39. Ra8 Kd7 40. Kd3 Rg3+ 41. Kd2 Rg2+ 42. Kd3 Rh2 43. Ra7 Rh4 
44. Bd5 Rh3+ 45. Kd2 Rh6 46. Ke3 Kd6 47. Bb3 Rh3+ 48. Kd2 Rh4 49. Kd3 b5 
50. Ba2 Rh3+ 51. Kd2 f6 52. Ra6+ c6 53. Ra7 Rh2+ 54. Kd3 Ne6 55. Bxe6 Kxe6 
56. Rc7 Rh3+ 57. Kd2 Kd6 58. Rc8 Rh2+ 59. Kd3 Rh3+ 60. Kd2 Rh2+ 61. Kd3 Kc5 
62. Re8 Rh3+ 63. Kd2 Rh4 64. Ke3 b4 65. cxb4+ Kxb4 66. c3+ Kc5 67. Rb8 Rh3+ 
68. Kd2 Kc4 69. b3+ Kc5 70. Rc8 Rh2+ 71. Kd3 Rh3+ 72. Kc2 Kd6 73. b4 Re3 
74. Rf8 Ke7 75. Rc8 Kd7 76. Rf8 Rxe4 77. Rxf6 1/2-1/2

[Event "Saturday Night Round Robin Blitz 3m+1s Starts at 2200hrs ST"]
[Site "Infinity Chess"]
[Date "2018.4.28"]
[Round "7"]
[White "Dovahkiin"]
[Black "Gilgamesch"]
[Result "1/2-1/2"]
[ECO "C50"]
[WhiteElo "2470"]
[BlackElo "2543"]
[WhiteEngine "BrainFish_180423_x64_modern_CTG"]
[BlackEngine "BrainFish_180408_x64_bmi2"]
[EventType "Round Robin"]
[WhiteTeam ""]
[BlackTeam ""]
[PlyCount "70"]
[TimeControl "180+1"]

1. e4 e5 2. Nf3 Nc6 3. Bc4 Bc5 4. O-O Nf6 5. d3 d6 6. c3 O-O 7. Bg5 a5 
8. Nbd2 h6 9. Bh4 g5 10. Bg3 Kg7 11. a3 Ba7 12. Re1 Nh7 13. h3 h5 14. d4 g4 
15. Nh4 exd4 16. Nf5+ Bxf5 17. exf5 dxc3 18. Ne4 d5 19. Bxd5 cxb2 20. Rb1 Bd4 
21. Qb3 h4 22. Bf4 g3 23. Red1 Nf6 24. Bxc6 bxc6 25. Qc4 c5 26. Nxc5 Bxf2+ 
27. Kh1 Qe7 28. Bh6+ Kxh6 29. Qxh4+ Kg7 30. Qg5+ Kh8 31. Nd7 Ra6 32. Qh6+ Kg8 
33. Qg5+ Kh8 34. Qh6+ Kg8 35. Qg5+ Kh8 1/2-1/2

[Event "Saturday Night Round Robin Blitz 3m+1s Starts at 2200hrs ST"]
[Site "Infinity Chess"]
[Date "2018.4.28"]
[Round "7"]
[White "star99"]
[Black "aleks"]
[Result "1/2-1/2"]
[ECO "E15"]
[WhiteElo "2491"]
[BlackElo "2488"]
[WhiteEngine "Cryptic Heroes 9.4B"]
[BlackEngine "stockfish_9_x64_popcnt_CTG"]
[EventType "Round Robin"]
[WhiteTeam ""]
[BlackTeam ""]
[PlyCount "119"]
[TimeControl "180+1"]

1. d4 Nf6 2. c4 e6 3. Nf3 b6 4. g3 Bb4+ 5. Bd2 Bxd2+ 6. Qxd2 Ba6 7. b3 c6 
8. Bg2 d5 9. Ne5 Nfd7 10. Nd3 dxc4 11. Nb4 cxb3 12. Nxa6 Nxa6 13. axb3 Nab8 
14. O-O O-O 15. Rd1 Nf6 16. b4 b5 17. Nc3 Qb6 18. e3 Nbd7 19. Ra3 Nd5 
20. Ne4 Qc7 21. Nc5 N7b6 22. Bf1 Nd7 23. Be2 Nxc5 24. dxc5 h6 25. Bf3 Rfd8 
26. Qe1 a5 27. Rxa5 Rxa5 28. bxa5 Ra8 29. Ra1 Qe7 30. Qc1 Ra6 31. Kg2 Qf6 
32. Qd1 Qe7 33. Qd4 e5 34. Qd3 Nf6 35. Qc3 e4 36. Be2 Nd7 37. Qb4 Qe5 
38. Qd4 Qe7 39. Qb4 Qe5 40. Qd4 Ra7 41. a6 g6 42. h4 Kf8 43. f3 exf3+ 
44. Bxf3 Qxc5 45. Qxc5+ Nxc5 46. Bxc6 Rxa6 47. Rxa6 Nxa6 48. Bxb5 Nc5 49. Kf2 f6 
50. Kf3 Ke7 51. Bc4 f5 52. Bb5 g5 53. Bc4 Kd6 54. hxg5 hxg5 55. Be2 Ke6 
56. g4 fxg4+ 57. Kxg4 Kf6 58. Kg3 Nd7 59. e4 Nc5 60. Bf3 1/2-1/2

[Event "Saturday Night Round Robin Blitz 3m+1s Starts at 2200hrs ST"]
[Site "Infinity Chess"]
[Date "2018.4.28"]
[Round "7"]
[White "HerzsjeMZ"]
[Black "coreoptimist"]
[Result "1/2-1/2"]
[ECO "C50"]
[WhiteElo "2499"]
[BlackElo "2549"]
[WhiteEngine "SugaR.XPrO.1.4.64.POCNT"]
[BlackEngine "asmFishW_2018-04-25_bmi2_CTG"]
[EventType "Round Robin"]
[WhiteTeam ""]
[BlackTeam ""]
[PlyCount "126"]
[TimeControl "180+1"]

1. e4 e5 2. Nf3 Nc6 3. Bc4 Bc5 4. O-O Nf6 5. d3 d6 6. c3 O-O 7. h3 a5 8. Re1 h6 
9. Bb3 Ba7 10. Nbd2 b5 11. a4 b4 12. Bc4 Be6 13. Bb5 Ne7 14. d4 c6 15. Bf1 Ng6 
16. cxb4 exd4 17. b5 c5 18. Nc4 Bxc4 19. Bxc4 Re8 20. Qc2 Qb6 21. e5 Nxe5 
22. Nxe5 dxe5 23. Qg6 Nd5 24. Qe4 Nf6 25. Qg6 Nd5 26. Qh5 Qe6 27. Ra3 Nf6 
28. Bxe6 Nxh5 29. Bc4 e4 30. Bd2 Bb6 31. Bd5 Nf6 32. Bxa8 Rxa8 33. g4 Re8 
34. g5 hxg5 35. Rg3 g4 36. hxg4 c4 37. g5 Nd7 38. Kf1 Re6 39. Rh3 Nc5 
40. Rc1 Nb3 41. Rxb3 cxb3 42. Rc8+ Kh7 43. Ra8 d3 44. Be3 Bxe3 45. fxe3 f5 
46. Ke1 Rd6 47. Kd1 f4 48. exf4 Rd4 49. f5 Rxa4 50. Kd2 Rd4 51. Re8 Rb4 
52. b6 Rxb6 53. Rxe4 Rb5 54. Rf4 Rd5 55. Rf1 Kg8 56. g6 Kf8 57. f6 a4 
58. fxg7+ Kxg7 59. Rf7+ Kxg6 60. Rf4 a3 61. bxa3 b2 62. Rb4 b1=Q 63. Rxb1 Rc5 
1/2-1/2

[Event "Saturday Night Round Robin Blitz 3m+1s Starts at 2200hrs ST"]
[Site "Infinity Chess"]
[Date "2018.4.28"]
[Round "6"]
[White "aleks"]
[Black "HerzsjeMZ"]
[Result "1/2-1/2"]
[ECO "C77"]
[WhiteElo "2488"]
[BlackElo "2499"]
[WhiteEngine "stockfish_9_x64_popcnt_CTG"]
[BlackEngine "SugaR.XPrO.1.4.64.POCNT"]
[EventType "Round Robin"]
[WhiteTeam ""]
[BlackTeam ""]
[PlyCount "130"]
[TimeControl "180+1"]

1. e4 e5 2. Nf3 Nc6 3. Bb5 a6 4. Ba4 Nf6 5. O-O Be7 6. Re1 b5 7. Bb3 O-O 
8. h3 Bb7 9. d3 d5 10. exd5 Nxd5 11. Nxe5 Nxe5 12. Rxe5 Qd6 13. Re1 Rae8 
14. Nd2 Nf6 15. a4 c5 16. axb5 axb5 17. c4 b4 18. Ne4 Qc7 19. Bc2 Nxe4 
20. dxe4 Bf6 21. Qh5 Bd4 22. Re2 b3 23. Bd3 f5 24. Be3 fxe4 25. Bxd4 cxd4 
26. Rae1 Re5 27. Qg4 h5 28. Qg3 Qe7 29. h4 Re8 30. f3 e3 31. Ra1 Qf6 32. Qe1 Qb6 
33. Ra4 Bc8 34. Qb4 Qxb4 35. Rxb4 Rc5 36. Kf1 Be6 37. Re1 g5 38. hxg5 h4 
39. g4 hxg3 40. Kg2 Rxg5 41. Rxb3 Kf7 42. Rb7+ Kf6 43. Rh7 Rb8 44. Rh6+ Kf7 
45. b4 Rxb4 46. Ra1 Rb2+ 47. Kg1 Bc8 48. f4 Rg8 49. c5 Bb7 50. Ra7 e2 
51. Bxe2 Rb1+ 52. Bf1 g2 53. Rxb7+ Rxb7 54. Bc4+ Kg7 55. Rd6 Ra8 56. Kxg2 Rb4 
57. Bd5 Ra3 58. Rb6 Rba4 59. f5 d3 60. f6+ Kh7 61. f7 Rf4 62. Rb4 Rf6 
63. Rb6 Rf4 64. Rb4 Rf6 65. Rb6 Rf4 1/2-1/2

[Event "Saturday Night Round Robin Blitz 3m+1s Starts at 2200hrs ST"]
[Site "Infinity Chess"]
[Date "2018.4.28"]
[Round "6"]
[White "Gilgamesch"]
[Black "star99"]
[Result "1/2-1/2"]
[ECO "D30"]
[WhiteElo "2545"]
[BlackElo "2489"]
[WhiteEngine "BrainFish_180408_x64_bmi2"]
[BlackEngine "Cryptic Heroes 9.4B"]
[EventType "Round Robin"]
[WhiteTeam ""]
[BlackTeam ""]
[PlyCount "116"]
[TimeControl "180+1"]

1. d4 d5 2. c4 e6 3. Nf3 Nf6 4. Nc3 Bb4 5. cxd5 exd5 6. Bg5 O-O 7. e3 h6 
8. Bh4 Re8 9. Bd3 Bxc3+ 10. bxc3 c5 11. O-O c4 12. Bc2 Nbd7 13. Nd2 Qa5 
14. Qc1 b5 15. Re1 Rb8 16. a3 Rb6 17. Qb2 Bb7 18. f3 Rbe6 19. a4 Rxe3 
20. Rxe3 Rxe3 21. axb5 Qb6 22. Nf1 Re8 23. Qa3 Ra8 24. Qa5 g6 25. Ne3 Qe6 
26. Kf2 Re8 27. Re1 Qb6 28. Qxb6 axb6 29. Ra1 Ra8 30. Rxa8+ Bxa8 31. g4 Bb7 
32. Bg3 Ne8 33. Bf4 Nf8 34. Bxh6 Ne6 35. Kg3 Nd6 36. Ba4 f6 37. h4 g5 
38. Nf5 gxh4+ 39. Kxh4 Nxf5+ 40. gxf5 Ng7 41. Kg4 Kf7 42. Bxg7 Kxg7 43. f4 Kg8 
44. Kh5 Kh7 45. Bc2 Bc8 46. Bd1 Bxf5 47. Bg4 Bxg4+ 48. Kxg4 Kg6 49. f5+ Kg7 
50. Kf3 Kf7 51. Ke3 Ke7 52. Kf4 Kf7 53. Ke3 Ke7 54. Kd2 Kd6 55. Ke2 Ke7 
56. Kd2 Kd6 57. Kc2 Kc7 58. Kd2 Kd6 1/2-1/2